 Dungeon Crawl Stone Soup version 0.27-a0-32-g443bf2d2ca (webtiles) character file.

Game seed: 13887666287858685935

168 Descartes the Covert (level 5, -2/25 HPs)
             Began as a Felid Delver on Jan 4, 2021.
             Slain by an orc
             ... wielding a +0 flail
              (4 damage)
             ... on level 3 of the Dungeon.
             The game lasted 00:05:12 (2793 turns).

Descartes the Covert (Felid Delver)                 Turns: 2793, Time: 00:05:13

Health: -2/25      AC:  1    Str:  9    XL:     5   Next: 23%
Magic:  6/6        EV: 19    Int: 12    God:
Gold:   214        SH:  0    Dex: 17    Spells: 4/4 levels left
                                        Lives:  0   Deaths: 1

rFire    . . .     SeeInvis +     - Unarmed
rCold    . . .     Faith    .   (shield unavailable)
rNeg     . . .     Spirit   .   (armour unavailable)
rPois    .         Reflect  .   (helmet unavailable)
rElec    .         Harm     .   (cloak unavailable)
rCorr    .         Rampage  .   (gloves unavailable)
Will     .....                  (boots unavailable)
Stlth    ++++......             (no amulet)
HPRegen  0.08/turn              i - ring of wizardry
MPRegen  0.10/turn              (no ring)

@: quick
A: very small, no armour, no weapons or thrown items, stealth, claws 1, fangs 3,
see invisible, speed 1, shaggy fur 1, sharp paws
a: no special abilities


You were on level 3 of the Dungeon.
You visited 1 branch of the dungeon, and saw 5 of its levels.

You collected 214 gold pieces.

Inventory:

Missiles
 g - 52 arrows
 h - 117 stones
Jewellery
 i - a ring of wizardry (left paw)
Wands
 e - a wand of digging (3)
 j - a wand of paralysis (10)
Scrolls
 a - a scroll of fog
 b - 2 scrolls of magic mapping
 c - 2 scrolls of fear
 f - a scroll of enchant weapon {unknown}
 m - 2 scrolls of remove curse {unknown}
 n - a scroll of amnesia {unknown}
 o - 4 scrolls of teleportation {unknown}
 p - a scroll of noise {unknown}
 s - a scroll of enchant armour {unknown}
Potions
 d - 2 potions of haste
 l - a potion of curing
 r - a potion of berserk rage
 t - a potion of magic


   Skills:
 + Level 3.9 Fighting
 + Level 4.2 Dodging
 * Level 8.4 Stealth
 + Level 3.1 Unarmed Combat


You had 4 spell levels left.
You didn't know any spells.
Your spell library was empty.

Dungeon Overview and Level Annotations

Branches:
Dungeon (5/15)
 Temple: D:4-7

Altars:
Kikubaaqudgha
Makhleb
Trog
Uskayaw
Wu Jian

Annotations:
D:3 Grinder


Innate Abilities, Weirdness & Mutations

You cannot wear armour.
You are incapable of wielding weapons or throwing items.
Your paws allow you to move quietly. (Stealth)
You have sharp claws.
You have razor-sharp teeth.
You have supernaturally acute eyesight. (SInv)
You cover ground quickly.
You are covered in fur. (AC +1)
Your sharp claws are effective at attacking unaware monsters.


Message History

Things that are here:
a +0 dagger; a +0 robe You barely miss the orc.
The orc is heavily wounded.
The bat misses you. The bat closely misses you. The orc completely misses you.
You closely miss the orc.
The orc is heavily wounded.
The bat hits you.
* * * LOW HITPOINT WARNING * * *
The orc barely misses you.
You scratch the orc but do no damage.
The orc is heavily wounded.
The bat closely misses you. x2; The bat hits you.
* * * LOW HITPOINT WARNING * * *
The orc closely misses you.
You barely miss the orc.
The orc is heavily wounded.
The bat hits you but does no damage. The bat barely misses you.
The orc hits you with a +0 flail.
You die...

.### ###...######
..... ##..†.......## #
####.##............#.#
.# .................##
.# ##................#
.# #..#######'#######
.# #..#§≈≈§§≈)≈§≈≈≈§#
.# #. #§...b..o....≈#
.# # #≈......@....≈#
## #≈..⌠.b...⌠..≈#
#≈....###..§§≈# #≈...#
#...≈# #≈... ...≈#
#≈... ...≈# #≈.. ..≈#
..≈#


You could see an orc and 2 bats.

Vanquished Creatures
  A hound (D:3)
  2 orc wizards (D:3)
  A hound zombie (D:5)
  3 adders (D:2)
  An ooze (D:1)
  4 worms (D:2)
  A dart slug (D:2)
  6 leopard geckos (D:2)
  4 orcs (D:3)
  2 ball pythons
  5 giant cockroaches
  4 goblins
  4 hobgoblins
  2 jackals (D:2)
  9 kobolds
  2 quokkas
  7 bats
  4 frilled lizards
  A quokka skeleton (D:5)
  3 rats
66 creatures vanquished.

Notes
Turn   | Place    | Note
-------+----------+-------------------------------------------
     0 | D:5      | Descartes the Felid Delver began the quest for the Orb.
     0 | D:5      | Reached XP level 1. HP: 10/10 MP: 2/2
   217 | D:5      | Noticed a gnoll shaman
   322 | D:5      | Reached skill level 7 in Stealth
   322 | D:5      | Reached XP level 2. HP: 2/14 MP: 3/3
   651 | D:3      | Reached XP level 3. HP: 17/17 MP: 4/4
   652 | D:3      | Found an ancient bone altar of Kikubaaqudgha.
   842 | D:3      | Reached XP level 4. HP: 21/21 MP: 5/5
   849 | D:3      | Noticed Grinder
   985 | D:2      | Found an ornate altar of the Wu Jian Council.
  1026 | D:2      | Found a burning altar of Makhleb.
  1030 | D:2      | Found a bloodstained altar of Trog.
  1034 | D:2      | Found a hide-covered altar of Uskayaw.
  1272 | D:2      | HP: 1/21 [leopard gecko (2)]
  1273 | D:2      | Slain by a leopard gecko
  1274 | D:2      | Reached XP level 3. HP: 0/17 MP: 4/4
  1411 | D:2      | Reached XP level 4. HP: 21/21 MP: 5/5
  1453 | D:2      | Reached skill level 8 in Stealth
  2785 | D:3      | Reached XP level 5. HP: 3/25 MP: 6/6
  2793 | D:3      | Slain by an orc

Illustrated notes

Levels and vault maps discovered:
D:1:      psy_arrival_basics, layout_loops_cross
D:2:      minmay_razor_zed, layout_basic, grunt_temple_overflow_open,
          nzn_wu_jian_contemplation
D:3:      layout_rooms, nicolae_overflow_crystal_walls, grunt_ministairs_5,
          kennysheep_path_1, corexii_item_surrounded_by_moat, uniq_grinder,
          uniq_crazy_yiuf_cottage
D:4:      layout_cave_pools, cheibriados_altar_1
D:5:      layout_loops_ring, uniq_blork_the_orc

Skill      XL: |  1  2  3  4 |
---------------+-------------+-----
Dodging        | 3 4 |  4.2
Stealth        | 7 8 |  8.4
Unarmed Combat | 3 |  3.1
Fighting       | |  3.9

Action                   |  1- 3 |  4- 6 || total
-------------------------+-------+-------++-------
Melee: Unarmed           |    43 |   123 ||   166
       Bite              |     4 |     6 ||    10
       Punch             |       |     1 ||     1
  Use: Scroll            |       |     4 ||     4
       Potion            |       |     1 ||     1
 Stab: Sleeping          |     9 |    27 ||    36
       Distracted        |       |     1 ||     1
Armor: Skin              |     1 |     9 ||    10
Dodge: Dodged            |    33 |   101 ||   134

Table legend: (Time is in decaauts)
 A = Elapsed time spent in this place.
 B = Non-inter-level travel time spent in this place.
 C = Inter-level travel time spent in this place.
 D = Time resting spent in this place.
 E = Time spent auto-exploring this place.
 F = Levels seen in this place.
 G = Mean time per level.
                   A        B        C        D        E       F      G
               +--------+--------+--------+--------+--------+-----+--------+
         Total |   2478 |   2433 |     45 |      0 |   1860 |   5 |  495.6 |
       Dungeon |   2478 |   2433 |     45 |      0 |   1860 |   5 |  495.6 |
               +--------+--------+--------+--------+--------+-----+--------+

Top non-repeatable levels by time:
     D:2: 1107 daAuts
     D:5: 561 daAuts
     D:1: 489 daAuts
     D:3: 316 daAuts
     D:4: 4 daAuts
